 Dungeon Crawl Stone Soup version 0.18.1-48-g4cf74bf (webtiles) character file.

91 atgrul the Charmwright (level 4, 0/33 HPs)
             Began as a Merfolk Skald on July 17, 2016.
             Slain by a centaur skeleton (4 damage)
             ... on level 4 of the Dungeon.
             The game lasted 00:05:59 (3534 turns).

atgrul the Charmwright (Merfolk Skald)              Turns: 3534, Time: 00:06:00

Health: 0/33       AC:  4    Str: 13    XL:     4   Next: 57%
Magic:  7/7        EV: 11    Int: 11    God:
Gold:   157        SH:  0    Dex: 13    Spells: 1 memorised, 6 levels left

rFire  . . .     SeeInvis .     a - +0 spear
rCold  . . .     Gourm    .     b - +0 leather armour
rNeg   . . .     Faith    .     (no shield)
rPois  .         Spirit   .     (no helmet)
rElec  .         Dismiss  .     l - +0 cloak
rCorr  .         Reflect  .     (no gloves)
SustAt .         Harm     .     (no boots)
MR     .....                    (no amulet)
Stlth  +.........               (no ring)
                                (no ring)

@: not resistant to hostile enchantments, very unstealthy
A: change form in water, swift swim
a: no special abilities


You were on level 4 of the Dungeon.
You were not hungry.

You visited 1 branch of the dungeon, and saw 4 of its levels.

You collected 157 gold pieces.

Inventory:

Hand Weapons
 a - a +0 spear (weapon)
Missiles
 f - 213 stones (quivered)
Armour
 b - a +0 leather armour (worn)
 l - a +0 cloak (worn)
Jewellery
 o - a cursed amulet of inaccuracy {unknown}
Scrolls
 d - a scroll of blinking {unknown}
 e - a scroll of enchant armour {unknown}
 g - 4 scrolls of identify {unknown}
 i - a scroll of remove curse {unknown}
 k - a scroll of immolation {unknown}
 p - a scroll of amnesia {unknown}
 q - a scroll of fear {unknown}
Potions
 h - 2 potions of heal wounds
 r - a potion of brilliance {unknown}
Books
 c - a book of Battle

   Spells                             Type                      Level
   a - Infusion                       Charms                       1
   b - Shroud of Golubria             Charms/Translocation         2
   c - Song of Slaying                Charms                       2
   d - Spectral Weapon                Hexes/Charms                 3
   e - Regeneration                   Charms/Necromancy            3
Comestibles
 j - 3 fruits
 m - a royal jelly
 n - a bread ration


   Skills:
 - Level 2.1 Fighting
 + Level 4.4 Polearms
 - Level 0.6 Armour
 - Level 1.3 Dodging
 - Level 2.0 Spellcasting
 + Level 5.0 Charms


You had 6 spell levels left.
You knew the following spells:

 Your Spells              Type           Power        Failure   Level  Hunger
a - Infusion              Chrm           ##..         6%          1    ##.....


Dungeon Overview and Level Annotations

Branches:
Dungeon (4/15)
 Temple: D:4-7

Altars:
Trog
The Shining One


Message History

You hit the centaur skeleton but do no damage.
The centaur skeleton hits you.
You hit the centaur skeleton but do no damage.
The centaur skeleton hits you.
You hit the centaur skeleton.
The centaur skeleton closely misses you.
You hit the centaur skeleton but do no damage.
The centaur skeleton hits you!
You hit the centaur skeleton. The centaur skeleton hits you.
You hit the centaur skeleton. The centaur skeleton hits you.
You hit the centaur skeleton but do no damage.
The centaur skeleton hits you.
* * * LOW HITPOINT WARNING * * *
The centaur skeleton hits you.
* * * LOW HITPOINT WARNING * * *
There is a stone staircase leading up here.
You hit the centaur skeleton. The centaur skeleton hits you.
* * * LOW HITPOINT WARNING * * *
You hit the centaur skeleton. The centaur skeleton hits you.
You die...

###+######
.........#
.........#
.......Z@#
.........#
.........#
###+#....#
+....#
#....#
#....+
#....#


You could see a centaur skeleton.

Vanquished Creatures
  A gnoll (D:3)
  2 adders (D:3)
  2 dart slugs (D:3)
  3 giant geckos (D:3)
  5 orcs
  2 giant cockroaches (D:3)
  7 goblins
  5 hobgoblins
  A jackal (D:2)
  7 kobolds
  A quokka (D:3)
  3 bats
  6 giant newts
  7 rats (D:1)
52 creatures vanquished.

Notes
Turn   | Place    | Note
--------------------------------------------------------------
     0 | D:1      | atgrul the Merfolk Skald began the quest for the Orb.
     0 | D:1      | Reached XP level 1. HP: 16/16 MP: 3/3
   580 | D:1      | Reached XP level 2. HP: 21/22 MP: 5/5
   908 | D:1      | Reached skill level 4 in Charms
  1644 | D:2      | Reached XP level 3. HP: 27/27 MP: 6/6
  2426 | D:3      | Reached XP level 4. HP: 27/33 MP: 7/7
  2828 | D:3      | Found a bloodstained altar of Trog.
  2828 | D:3      | Noticed an eye of draining
  2828 | D:3      | Noticed an eye of draining
  2828 | D:3      | Noticed an eye of draining
  2955 | D:3      | Reached skill level 5 in Charms
  2981 | D:3      | Found a glowing golden altar of the Shining One.
  3217 | D:4      | HP: 1/33 [gnoll/spear (7)]
  3534 | D:4      | Slain by a centaur skeleton

Skill      XL: |  1  2  3  4 |
---------------+-------------+-----
Charms         | 4 5 |  5.0
Polearms       | 4 |  4.4
Fighting       | |  2.1
Armour         | |  0.6
Dodging        | |  1.3
Spellcasting   | |  2.0

Action                   |  1- 3 |  4- 6 || total
-------------------------+-------+-------++-------
Melee: Spear             |   177 |    91 ||   268
Throw: Stone             |       |     3 ||     3
 Cast: Infusion          |     6 |     3 ||     9
 Stab: Sleeping          |     1 |       ||     1
  Eat: Meat ration       |     1 |       ||     1
       Bread ration      |     1 |       ||     1
Armor: Leather armour    |    32 |    14 ||    46
Dodge: Dodged            |    82 |    41 ||   123
